 Dungeon Crawl Stone Soup version 0.20-a0-2-g2b0e13a (webtiles) character file.

189 Kaname the Conjurer (level 5, -7/35 HPs)
             Began as a Demonspawn Fire Elementalist on Oct 29, 2016.
             Killed by divine providence
             ... invoked by an orc priest
              (11 damage)
             ... on level 4 of the Dungeon.
             The game lasted 00:08:28 (2462 turns).

Kaname the Conjurer (Demonspawn Fire Elementalist)  Turns: 2462, Time: 00:08:30

Health: -7/35      AC:  2    Str:  9    XL:     5   Next: 40%
Magic:  7/17       EV: 12    Int: 17    God:
Gold:   97         SH:  0    Dex: 13    Spells: 2 memorised, 4 levels left

rFire  . . .     SeeInvis .     n - -2 dagger (curse)
rCold  . . .     Gourm    .     a - +0 robe
rNeg   . . .     Faith    .     (no shield)
rPois  .         Spirit   .     (no helmet)
rElec  .         Reflect  .     (no cloak)
rCorr  .         Harm     .     (no gloves)
MR     .....     Rnd*Tele +     (no boots)
Stlth  ++........               (no amulet)
                                m - ring of magical power
                                l - ring of teleportation (curse)

@: very slightly contaminated, invisible
A: talons 2, powered by death 1
a: no special abilities


You were on level 4 of the Dungeon.
You were hungry.

You visited 1 branch of the dungeon, and saw 4 of its levels.

You collected 97 gold pieces.

Inventory:

Hand Weapons
 d - a +1 dagger
 f - a +0 blowgun
 n - a cursed -2 dagger (weapon)
Missiles
 g - 10 poisoned needles
Armour
 a - a +0 robe (worn)
Jewellery
 e - an uncursed ring of protection from fire
 l - a cursed ring of teleportation (left hand)
 m - a ring of magical power (right hand)
Scrolls
 i - a scroll of amnesia
Potions
 h - 2 potions of haste
 k - a potion of lignification
 o - a potion of ambrosia {unknown}
Books
 b - a book of Flames

   Spells                             Type                      Level
   a - Flame Tongue                   Conjuration/Fire             1
   b - Throw Flame                    Conjuration/Fire             2
   c - Conjure Flame                  Conjuration/Fire             3
   d - Inner Flame                    Hexes/Fire                   3
   e - Sticky Flame                   Conjuration/Fire             4
   f - Fireball                       Conjuration/Fire             5
Comestibles
 c - 2 bread rations


   Skills:
 - Level 1.7 Dodging
 - Level 1.7 Stealth
 - Level 2.0 Spellcasting
 - Level 4.2 Conjurations
 + Level 4.0 Fire Magic


You had 4 spell levels left.
You knew the following spells:

 Your Spells              Type           Power        Failure   Level  Hunger
a - Flame Tongue          Conj/Fire      ###..        3%          1    #......
b - Conjure Flame         Conj/Fire      ###.....     12%         3    ###....


Dungeon Overview and Level Annotations

Branches:
Dungeon (4/15)
 Temple: D:4-7

Altars:


Innate Abilities, Weirdness & Mutations

You have razor-sharp toenails.
You regenerate a little health from kills.


Message History

Press: ? - help, Shift-Dir - straight line, f/p - orc priest
Aim: an orc priest, wearing a glowing leather armour (severely wounded)
The flame tongue hits the orc priest.
The orc priest resists.
The orc priest is almost dead.
The orc wizard hits you but does no damage.
The orc priest hits you.
* * * LOW HITPOINT WARNING * * *
Casting: Flame Tongue
Confirm with . or Enter, or press ? or * to list all spells.
Aiming: Flame Tongue
Press: ? - help, Shift-Dir - straight line, f/p - orc priest
Aim: an orc priest, wearing a glowing leather armour (almost dead)
The flame tongue hits the orc priest.
The orc priest appears unharmed.
The orc priest is almost dead.
The orc wizard gestures at you while chanting.
The puff of flame hits you!
* * * LOW HITPOINT WARNING * * *
The orc priest mumbles some strange prayers to Beogh against you.
Beogh smites you!
You die...

##########
#.@o......
#o###.....
... ###
#.### ###
.... #..
#.# #<#
#.# #.#
#.# #.#
#.# #.#


You could see an orc priest and an orc wizard.

Vanquished Creatures
  An orc wizard (D:4)
  Natasha (thrice) (D:3)
  An adder (D:2)
  An ooze (D:1)
  A worm (D:3)
  3 dart slugs
  A leopard gecko (D:3)
  An orc (D:4)
  A ball python (D:3)
  4 bats
  5 giant cockroaches
  3 hobgoblins
  8 jackals
  3 quokkas (D:2)
  5 frilled lizards
  7 goblins
  9 kobolds
  A leopard gecko skeleton (D:3)
  4 rats
62 creatures vanquished.

Notes
Turn   | Place    | Note
-------+----------+-------------------------------------------
     0 | D:1      | Kaname the Demonspawn Fire Elementalist began the quest for the Orb.
     0 | D:1      | Reached XP level 1. HP: 13/13 MP: 3/3
   229 | D:1      | Gained mutation: You regenerate a little health from kills. [demonic ancestry]
   229 | D:1      | Reached XP level 2. HP: 19/19 MP: 5/5
   842 | D:1      | Gained mutation: You have sharp toenails. [demonic ancestry]
   842 | D:1      | Reached XP level 3. HP: 24/24 MP: 4/6
   992 | D:1      | Learned a level 3 spell: Conjure Flame
  1696 | D:3      | Gained mutation: You have razor-sharp toenails. [demonic ancestry]
  1696 | D:3      | Reached XP level 4. HP: 30/30 MP: 7/7
  2190 | D:3      | Noticed Natasha
  2195 | D:3      | Killed Natasha
  2313 | D:3      | Noticed Natasha
  2320 | D:3      | Killed Natasha
  2329 | D:3      | Noticed Natasha
  2336 | D:3      | Killed Natasha
  2336 | D:3      | Reached XP level 5. HP: 12/35 MP: 7/8
  2462 | D:4      | Killed from afar by an orc priest

Vault maps used:
D:1:      shiori_arrival_maze
D:2:      first_bread
D:3:      uniq_natasha
D:4:      cheibrodos_quashed, nicolae_overflow_hidden_temple,
          nicolae_ossuary_entry_monument, fedhas_altar_2, uniq_menkaure

Skill      XL: |  1  2  3  4  5 |
---------------+----------------+-----
Fire Magic     | 3 4 |  4.0
Conjurations   | 2 3 4 |  4.2
Dodging        | |  1.7
Stealth        | |  1.7
Spellcasting   | |  2.0

Action                   |  1- 3 |  4- 6 || total
-------------------------+-------+-------++-------
Melee: Dagger            |    87 |     6 ||    93
       Unarmed           |     4 |       ||     4
       Kick              |    10 |     1 ||    11
 Cast: Flame Tongue      |    59 |    44 ||   103
  Use: Scroll            |     4 |     5 ||     9
       Potion            |       |     1 ||     1
 Stab: Sleeping          |     1 |       ||     1
  Eat: Chunk             |     4 |     2 ||     6
Armor: Robe              |    19 |     4 ||    23
Dodge: Dodged            |    71 |    16 ||    87
